 Dungeon Crawl Stone Soup version 0.29.1-14-g9c671dbff4 (webtiles) character file.

Game seed: 5076812388074606519

3421 Wobber the Zephyrmancer (level 10, -8/59 HPs)
             Began as a Tengu Air Elementalist on Feb 16, 2023.
             Was a Priest of Kikubaaqudgha.
             Mangled by an orc warrior
             ... wielding a +0 battleaxe
              (19 damage)
             ... on level 8 of the Dungeon.
             The game lasted 00:49:21 (9771 turns).

Wobber the Zephyrmancer (Tengu Air Elementalist)    Turns: 9771, Time: 00:49:22

Health: -8/59      AC:  5    Str: 10    XL:     10   Next: 5%
Magic:  13/19      EV: 16    Int: 19    God:    Kikubaaqudgha [***...]
Gold:   409        SH:  0    Dex: 20    Spells: 2/20 levels left

rFire   + . .      SeeInvis .   a - +1 short sword (venom)
rCold   . . .      Faith    .   w - orb {*Rage}
rNeg    . . .      Spirit   .   G - +2 robe {rF+}
rPois   .          Reflect  .   (helmet restricted)
rElec   .          Harm     .   (no cloak)
rCorr   .          Rampage  .   r - +0 pair of gloves
Will    .....      Rage     20% (boots unavailable)
Stlth   +++.......              l - amulet of magic regeneration
HPRegen 0.19/turn               p - +6 ring of dexterity
MPRegen 0.56/turn               (no ring)

@: flying quickly and evasively, quick
A: beak, talons 3, nimble flight
a: Renounce Religion, Unearth Wretches


You were on level 8 of the Dungeon.
You worshipped Kikubaaqudgha.
Kikubaaqudgha was most pleased with you.
You visited 1 branch of the dungeon, and saw 8 of its levels.
You also visited: Ossuary.

You collected 409 gold pieces.

Inventory:

Hand Weapons
 a - a +1 short sword of venom (weapon)
 b - a +0 shortbow of flaming
 H - a +2 dagger of distortion
Missiles
 q - 3 datura-tipped darts
 z - 2 throwing nets
Armour
 r - a +0 pair of gloves (worn)
 w - an orb of wrath (worn)
 G - a +2 robe of fire resistance (worn)
Magical Staves
 d - a staff of earth
 s - a staff of poison
Jewellery
 g - an amulet of the acrobat
 l - an amulet of magic regeneration (around neck)
 p - a +6 ring of dexterity (left hand)
Wands
 v - a wand of mindburst (40)
 E - a wand of flame (21)
Scrolls
 c - 6 scrolls of teleportation
 f - a scroll of silence {unknown}
 n - 3 scrolls of vulnerability
 x - a scroll of fog
 y - 2 scrolls of magic mapping
 B - a scroll of amnesia
 D - a scroll of summoning
 F - 3 scrolls of identify
Potions
 e - 3 potions of curing {unknown}
 h - 8 potions of attraction
 i - 3 potions of degeneration
 j - 2 potions of mutation {unknown}
 k - 2 potions of heal wounds
 m - 2 potions of magic
 o - 2 potions of berserk rage
 t - a potion of brilliance {unknown}
 u - 3 potions of flight
 A - 2 potions of cancellation
 C - a potion of resistance {unknown}


   Skills:
 + Level 5.3 Fighting
 - Level 3.2 Dodging
 - Level 3.1 Stealth
 + Level 5.7 Spellcasting
 - Level 7.6 Conjurations
 * Level 6.4 Necromancy
 - Level 9.2 Air Magic
 - Level 2.5 Poison Magic


You had 2 spell levels left.
You knew the following spells:

 Your Spells              Type           Power      Damage    Failure   Level
a - Shock                 Conj/Air       100%       1d9       1%          1
b - Static Discharge      Conj/Air       37%        3-8/arc   1%          2
c - Airstrike             Air            20%        2d(3-19)  2%          4
d - Dispel Undead         Necr           30%        3d14      9%          4
e - Mephitic Cloud        Conj/Pois/Air  30%        N/A       2%          3
f - Animate Dead          Necr           30%        N/A       9%          4

Your spell library contained the following spells:

 Spells                   Type           Power      Damage    Failure   Level
 Magic Dart               Conj           100%       1d8       1%          1
 Necrotise                Necr           100%       1d9       1%          1
 Sublimation of Blood     Necr           30%        N/A       1%          2
 Beastly Appendage        Tmut           10%        N/A       12%         1
 Slow                     Hex            20%        N/A       12%         1
 Call Imp                 Summ           5%         N/A       17%         2
 Wereblood                Tmut           5%         N/A       17%         2
 Swiftness                Air            40%        N/A       1%          3
 Vampiric Draining        Necr           30%        2d8       2%          3
 Corpse Rot               Necr/Pois/Air  28%        N/A       10%         4
 Spider Form              Tmut/Pois      10%        N/A       21%         3
 Agony                    Necr           30%        N/A       22%         5
 Confusing Touch          Hex            5%         N/A       34%         3
 Gell's Gravitas          Tloc           5%         N/A       34%         3
 Lesser Beckoning         Tloc           5%         N/A       34%         3
 Teleport Other           Tloc           5%         N/A       34%         3
 Borgnjor's Vile Clutch   Necr/Erth      8%         N/A       63%         5
 Death Channel            Necr           15%        N/A       77%         6
 Simulacrum               Ice/Necr       8%         N/A       99%         6
 Dispersal                Tloc           2%         N/A       100%        6


Dungeon Overview and Level Annotations

Branches:
Dungeon (8/15)             Temple (0/1) D:5         Ossuary (visited)
   Lair: D:8-11

Altars:
Cheibriados
Fedhas
Kikubaaqudgha
Nemelex Xobeh
Okawaru
Uskayaw
Xom

Shops:
D:8 *


Innate Abilities, Weirdness & Mutations

You have a beak for a mouth.
You have claws for feet.
Your magical nature lets you fly swiftly and evasively.


Message History

The air twists around and strikes the orc wizard!!
You kill the orc wizard!
Kikubaaqudgha accepts your kill.
You hear a splash. x2
An orc comes into view. It is wielding a +0 short sword.
The orc warrior hits you with a +0 battleaxe!
The zap hits the orc warrior.
The orc warrior is heavily wounded.
The orc shouts!
The orc warrior completely misses you.
Unknown command.
The zap hits the orc warrior.
The orc warrior is heavily wounded.
An orc comes into view.
It is wielding a +0 hand axe and quivering boomerangs of dispersal.
The orc warrior hits you with a +0 battleaxe.
Unknown command.
The zap hits the orc warrior.
The orc warrior is severely wounded.
The zap hits the orc.
The orc is moderately wounded.
The orc warrior hits you with a +0 battleaxe!
The zap hits the orc warrior but does no damage.
The orc warrior is severely wounded.
The orc warrior hits you with a +0 battleaxe!!
* * * LOW HITPOINT WARNING * * *
Casting: Shock (safe; 1% risk of failure)
Confirm with . or Enter, or press ? or * to list all spells.
Okay, then.
You are too injured to fight recklessly!
Casting: Shock (safe; 1% risk of failure)
Confirm with . or Enter, or press ? or * to list all spells.
Aiming: Shock (safe; 1% risk of failure)
Press: ? - help, Shift-Dir - straight line, f/p - orc warrior
Aim: an orc warrior, wielding a +0 battleaxe and wearing a +0 chain mail (severely wounded, 71% to hit)
The zap hits the orc warrior.
The orc warrior is severely wounded.
The zap misses the orc.
The orc warrior hits you with a +0 battleaxe!!
You die...
Kikubaaqudgha rasps: "You have failed me!
Welcome... death!"

*,,,..~~≈≈...~≈≈≈.#,,**
*,,,P.~~≈≈~oo≈≈~~..*,*
*,**...≈~≈≈≈≈≈≈~...*,**
*,,,....~≈≈≈≈≈~..#.,,,*
**,,,PP..~~~≈~..PPP,*,*
*,***,,#.......PP,,*,,*
###***,,,*,,,*,#.#,,,*,,,,,*
...,,*,,***,,*,#o#,**,,,,,**
###****###*****#@####******
#.#######.##.#
#.#..........#
######.#.##########
###...#....# ...........#
###...#...## ......##.##
#####.##.#


You could see an orc warrior and 2 orcs.

Vanquished Creatures
  Pikel (D:7)
  3 yaks (D:8)
  2 water moccasins
  An orc warrior (D:8)
  A black bear (D:5)
  2 ogres
  2 centaurs
  A lemure (D:7)
  2 phantoms (D:5)
  A kobold brigand (D:8)
  A bullfrog (D:8)
  A necrophage (D:6)
  6 scorpions
  A gnoll sergeant (D:8)
  5 wights (D:7)
  A gnoll bouda (D:8)
  2 hounds
  2 orc priests (D:8)
  A jelly (D:6)
  5 iguanas
  8 orc wizards
  A mummy (Ossuary)
  6 gnolls
  6 adders
  4 white imps
  2 ufetubi
  A worm (D:2)
  2 dart slugs (D:2)
  15 orcs
  3 spectral bats (Ossuary)
  3 bat simulacra (Ossuary)
  8 endoplasms
  3 giant cockroaches
  12 gnoll zombies (Ossuary)
  18 goblins
  8 hobgoblins
  8 jackals
  8 quokkas
  6 ball pythons
  4 bats
  2 frilled lizards
  4 goblin simulacra (Ossuary)
  3 goblin zombies (Ossuary)
  6 hobgoblin zombies (Ossuary)
  13 kobolds
  3 kobold simulacra (Ossuary)
  5 kobold zombies (Ossuary)
  4 orc zombies (Ossuary)
  A rat (D:2)
  5 rat simulacra (Ossuary)
  A spectral goblin (Ossuary)
  2 spectral kobolds (Ossuary)
  4 spectral rats (Ossuary)
220 creatures vanquished.

Vanquished Creatures (others)
  57 plants (D:8)
57 creatures vanquished.

Grand Total: 277 creatures vanquished

Notes
Turn   | Place    | Note
-------+----------+-------------------------------------------
     0 | D:1      | Wobber the Tengu Air Elementalist began the quest for the
                  | Orb.
     0 | D:1      | Reached XP level 1. HP: 10/10 MP: 4/4
   398 | D:1      | Reached XP level 2. HP: 16/16 MP: 4/6
   842 | D:1      | Reached XP level 3. HP: 20/20 MP: 3/7
  1061 | D:1      | Reached skill level 1 in Fighting
  1322 | D:1      | Found a faded altar of an unknown god.
  1684 | D:2      | Reached XP level 4. HP: 25/25 MP: 3/8
  1746 | D:2      | Reached skill level 5 in Air Magic
  1784 | D:2      | Learned a level 2 spell: Static Discharge
  1845 | D:2      | Learned a level 4 spell: Airstrike
  2580 | D:3      | Found a sparkling altar of Nemelex Xobeh.
  2862 | D:3      | Found a hide-covered altar of Uskayaw.
  3016 | D:3      | Identified the +1 cloak "Ysag" {Int+2}
  3394 | D:4      | Gained mutation: Your magical nature lets you fly swiftly
                  | and evasively. [Tengu growth]
  3394 | D:4      | Reached XP level 5. HP: 28/29 MP: 6/9
  3607 | D:4      | Found an ancient bone altar of Kikubaaqudgha.
  3622 | D:4      | Found a shimmering altar of Xom.
  3626 | D:4      | Found an iron altar of Okawaru.
  3701 | D:4      | Reached skill level 6 in Air Magic
  3701 | D:4      | Reached XP level 6. HP: 28/35 MP: 7/11
  3970 | D:4      | You are sucked into a shaft and drop 1 floor!
  3970 | D:5      | Entered Level 5 of the Dungeon
  4723 | D:5      | Reached skill level 5 in Conjurations
  4917 | D:5      | Identified the +6 spear of Goizxof {speed, +Blink rF+ rN+
                  | Will+}
  5009 | D:5      | Reached XP level 7. HP: 39/40 MP: 12/12
  5047 | D:5      | Reached skill level 7 in Air Magic
  5252 | D:4      | Became a worshipper of Kikubaaqudgha
  5330 | D:5      | Found a staircase to the Ecumenical Temple.
  5336 | D:5      | Learned a level 4 spell: Dispel Undead
  5388 | D:5      | Reached XP level 8. HP: 32/46 MP: 9/14
  5609 | D:5      | Identified a scroll of acquirement
  5609 | D:5      | Acquired a book of Minor Magic
  5617 | D:5      | Learned a level 3 spell: Mephitic Cloud
  5832 | D:6      | Found a snail-covered altar of Cheibriados.
  5864 | D:6      | Reached skill level 1 in Poison Magic
  6269 | D:6      | Reached skill level 8 in Air Magic
  6698 | D:7      | Reached skill level 1 in Necromancy
  6719 | D:7      | Noticed Pikel
  6722 | D:7      | Killed Pikel
  6723 | D:7      | Reached XP level 9. HP: 29/52 MP: 4/16
  7555 | D:8      | Found Jutot's Assorted Antiques.
  7571 | D:8      | Reached skill level 9 in Air Magic
  7597 | D:8      | Reached skill level 5 in Spellcasting
  7788 | D:8      | Found a sand-covered staircase.
  7810 | D:8      | Reached * piety under Kikubaaqudgha
  7810 | D:8      | Received a gift from Kikubaaqudgha
  7816 | D:8      | Learned a level 4 spell: Animate Dead
  7879 | Ossuary  | Entered an ossuary
  8270 | Ossuary  | Reached ** piety under Kikubaaqudgha
  8540 | Ossuary  | Reached *** piety under Kikubaaqudgha
  8540 | Ossuary  | Received a gift from Kikubaaqudgha
  8845 | D:8      | Reached skill level 5 in Necromancy
  8998 | D:8      | Noticed a gargoyle
  9475 | D:8      | Reached skill level 5 in Fighting
  9482 | D:8      | Reached XP level 10. HP: 27/59 MP: 11/19
  9761 | D:8      | Found a blossoming altar of Fedhas.
  9771 | D:8      | Mangled by an orc warrior

Illustrated notes

Levels and vault maps discovered:
D:1:      dpeg_arrival_refuge, layout_loops_ring, basic_ecumenical_altar,
          nicolae_eternal_life, hangedman_abyss_or_decor_lesser_grid
D:2:      layout_rooms, minmay_tiny_reverse_x
D:3:      layout_loops_corners, nemelex_xobeh_ov_fountains_minmay,
          nicolae_uskayaw_suspiria
D:4:      layout_basic, nicolae_overflow_hidden_temple
D:5:      layout_basic, minmay_temple_entry_butterflies,
          nicolae_elevator_lobby_asterisk
D:6:      layout_loops_ring, mainiacjoe_overflow_catwalk
D:7:      layout_rooms, uniq_pikel
D:8:      layout_loops_ring, tgw_fedhas, enter_bailey_3, serial_shops, shop,
          nicolae_ossuary_entry_monument

Skill      XL: |  1  2  3  4  5  6  7  8  9 |
---------------+----------------------------+-----
Conjurations   | 2 3 4 5 7 |  7.6
Fighting       | 1 2 3 5 |  5.3
Air Magic      | 5 6 7 8 9 |  9.2
Spellcasting   | 3 4 5 |  5.7
Dodging        | 3 |  3.2
Stealth        | 3 |  3.1
Poison Magic   | 2 |  2.5
Necromancy     | 3 6 |  6.4

Action                   |  1- 3 |  4- 6 |  7- 9 | 10-12 || total
-------------------------+-------+-------+-------+-------++-------
Melee: Dagger            |     6 |       |       |       ||     6
       Kick              |     3 |     7 |    11 |       ||    21
       Peck              |     2 |     3 |     3 |       ||     8
       Short sword       |     5 |    19 |    29 |       ||    53
 Fire: Sling             |    13 |       |       |       ||    13
       Shortbow          |       |       |     2 |       ||     2
 Cast: Shock             |    66 |    80 |   243 |    12 ||   401
       Static Discharge  |       |    10 |    22 |       ||    32
       Airstrike         |       |       |    21 |     2 ||    23
       Mephitic Cloud    |       |       |     1 |       ||     1
  Use: Scroll            |     1 |     6 |    10 |       ||    17
       Potion            |       |       |     2 |       ||     2
Armor: Robe              |     4 |     7 |    10 |       ||    21
Dodge: Dodged            |    23 |    26 |    66 |     1 ||   116
